 Dungeon Crawl Stone Soup version 0.30-a0-613-gdd512c7efb (webtiles) character file.

Game seed: 10532681160026796084

596 acebull12 the Slasher (level 7, -2/62 HPs)
             Began as a Minotaur Monk on Jan 9, 2023.
             Was an Elder of Makhleb.
             Slain by Pikel
             ... wielding a +2 whip of flaming
              (11 damage)
             ... on level 5 of the Dungeon.
             The game lasted 00:07:40 (4033 turns).

acebull12 the Slasher (Minotaur Monk)               Turns: 4033, Time: 00:07:41

Health: -2/62      AC:  4    Str: 17    XL:     7   Next: 17%
Magic:  6/6        EV: 13    Int: 13    God:    Makhleb [****..]
Gold:   118        SH:  0    Dex: 13    Spells: 6/6 levels left

rFire   . . .      SeeInvis .    a - +0 falchion
rCold   . . .      Faith    .    (no shield)
rNeg    . . .      Spirit   .    x - +1 leather armour {rPois}
rPois   +          Reflect  .    (helmet restricted)
rElec   .          Harm     .    o - scarf {repulsion}
rCorr   +          Rampage  .    (no gloves)
Will    .....                    (no boots)
Stlth   ++                       (no amulet)
HPRegen 0.30/turn                m - ring of resist corrosion
MPRegen 0.10/turn                t - +6 ring of intelligence

@: hasted, repel missiles, very quick
A: horns 2, retaliatory headbutt
a: Renounce Religion, Minor Destruction, Lesser Servant of Makhleb, Major
Destruction


You were on level 5 of the Dungeon.
You worshipped Makhleb.
Makhleb was greatly pleased with you.
You visited 1 branch of the dungeon, and saw 5 of its levels.

You collected 250 gold pieces.
You spent 132 gold pieces at shops.

Inventory:

Hand Weapons
 a - a +0 falchion (weapon)
Missiles
 h - 14 stones (quivered)
 q - 2 throwing nets
Armour
 o - a scarf of repulsion (worn)
 x - a +1 leather armour of poison resistance (worn)
Jewellery
 m - a ring of resist corrosion (left hand)
 t - a +6 ring of intelligence (right hand)
 w - an amulet of faith
Scrolls
 d - a scroll of magic mapping {unknown}
 g - a scroll of noise {unknown}
 k - a scroll of acquirement {unknown}
 l - a scroll of blinking {unknown}
 s - 2 scrolls of teleportation {unknown}
 u - 2 scrolls of fear {unknown}
 v - a scroll of immolation {unknown}
 y - a scroll of torment {unknown}
 z - 2 scrolls of identify {unknown}
Potions
 b - a potion of attraction {unknown}
 c - a potion of ambrosia
 e - 2 potions of curing {unknown}
 f - a potion of heal wounds {unknown}
 i - 4 potions of flight {unknown}
 j - 2 potions of degeneration {unknown}
 p - a potion of lignification {unknown}
 r - a potion of might {unknown}


   Skills:
 * Level 5.6 Fighting
 * Level 7.5 Long Blades
 + Level 3.0 Armour
 + Level 4.1 Dodging
 + Level 2.2 Stealth


You had 6 spell levels left.
You didn't know any spells.
Your spell library contained the following spells:

 Spells                   Type           Power      Damage    Failure   Level
 Sting                    Tmut/Pois      0%         1d3       36%         1
 Poisonous Vapours        Pois/Air       0%         N/A       50%         2
 Olgreb's Toxic Radiance  Pois           0%         N/A       98%         4


Dungeon Overview and Level Annotations

Branches:
Dungeon (5/15)
 Temple: D:4-7

Altars:
Ashenzari
Kikubaaqudgha
Makhleb
Qazlal
Vehumet

Shops:
D:1 *[[   D:4 *

Annotations:
D:4 3 runed translucent doors, Sabo's ghost, amateur OpFE
D:5 Pikel


Innate Abilities, Weirdness & Mutations

You have a pair of horns on your head.
You reflexively headbutt those who attack you in melee.


Message History

No target in view!
No target in view!
Found a stone staircase leading down.
z - 2 scrolls labelled MIL SAIDWERHOY (gained 1)
There is an open door here.
A lemure comes into view.
The lemure shouts!
You hear a shout! x4
A lemure comes into view.
The lemure moves out of view.
Pikel, 2 lemures and a scorpion come into view.
Pikel is wielding a +2 whip of flaming.
Found a scroll labelled VORAUZ IMUARA.
Pikel shouts!
The lemure barely misses you.
Pikel drinks a potion.
Pikel seems to speed up.
The lemure attacks as you move away! The lemure hits you.
Pikel says, "You'll feel the lick of my whip!"
Pikel attacks as you move away!
Pikel hits you with a +2 whip of flaming!
Pikel burns you. Pikel closely misses you. Pikel attacks as you move away!
Pikel hits you with a +2 whip of flaming!
Pikel burns you.
You closely miss Pikel. Pikel completely misses you.
Pikel hits you with a +2 whip of flaming!
Pikel burns you.
You hit Pikel but do no damage. You headbutt Pikel, but do no damage.
Pikel hits you with a +2 whip of flaming!
Pikel burns you.
* * * LOW HITPOINT WARNING * * *
You closely miss Pikel. Your headbutt misses Pikel.
Pikel hits you with a +2 whip of flaming!
* * * LOW HITPOINT WARNING * * *
Pikel burns you.
* * * LOW HITPOINT WARNING * * *
Pikel hits you but does no damage.
You feel yourself speed up.
Pikel hits you with a +2 whip of flaming!
You die...

#.........# #####
#.........# #...#
######'#.###...#
#...#...#...#
#.#######s..#####
#.#####.5..5....#
#.#.55.5#######.#
#.##K#### #.....#
#.##@# #...5.#
#.##.# #.....#
#....# ..5..5.#
###### ...s.....
..........
......#?..#


You could see Pikel (fast) and 2 lemures.

Vanquished Creatures
  An ogre (D:4)
  A phantom (D:5)
  2 necrophages
  2 scorpions (D:5)
  A hound (D:4)
  An orc wizard (D:3)
  A gnoll (D:3)
  3 adders
  A worm (D:3)
  2 dart slugs (D:1)
  10 orcs (D:3)
  5 endoplasms
  5 giant cockroaches
  9 goblins
  11 hobgoblins
  7 jackals (D:3)
  7 kobolds
  4 quokkas
  12 ball pythons
  6 bats
  3 frilled lizards
  5 rats
99 creatures vanquished.

Notes
Turn   | Place    | Note
-------+----------+-------------------------------------------
     0 | D:1      | acebull12 the Minotaur Monk began the quest for the Orb.
     0 | D:1      | Reached XP level 1. HP: 19/19 MP: 0/0
   159 | D:1      | Reached XP level 2. HP: 20/27 MP: 1/1
   248 | D:1      | Found Giahuan's Armour Shoppe.
   281 | D:1      | Reached skill level 4 in Long Blades
   300 | D:1      | Found a faded altar of an unknown god.
   308 | D:1      | Prayed at the altar of an unknown god.
   308 | D:1      | Became a worshipper of Makhleb the Destroyer
   308 | D:1      | Reached * piety under Makhleb
   308 | D:1      | Reached ** piety under Makhleb
   407 | D:1      | Found Naicwoch's Armour Boutique.
   489 | D:1      | Found Suehinic's Assorted Antiques.
   575 | D:1      | Reached *** piety under Makhleb
   657 | D:1      | Reached XP level 3. HP: 33/33 MP: 2/2
  1810 | D:2      | Reached skill level 5 in Long Blades
  2243 | D:3      | Reached XP level 4. HP: 40/40 MP: 3/3
  2325 | D:3      | Reached skill level 1 in Armour
  2529 | D:3      | Found a radiant altar of Vehumet.
  2580 | D:3      | Reached **** piety under Makhleb
  2707 | D:3      | Reached XP level 5. HP: 47/47 MP: 4/4
  2951 | D:4      | Found a stormy altar of Qazlal.
  3010 | D:4      | Reached skill level 6 in Long Blades
  3065 | D:4      | Noticed an ogre
  3073 | D:4      | Killed an ogre
  3074 | D:4      | Reached XP level 6. HP: 44/55 MP: 5/5
  3198 | D:4      | Found a runed translucent gate.
  3199 | D:4      | Found a runed translucent gate.
  3201 | D:4      | Found a runed translucent gate.
  3202 | D:4      | Noticed Sabo's ghost (amateur OpFE)
  3313 | D:4      | Found a broken altar of Ashenzari.
  3331 | D:4      | Reached skill level 5 in Fighting
  3363 | D:4      | Found an ancient bone altar of Kikubaaqudgha.
  3401 | D:4      | Found Vion's Neck Hole.
  3409 | D:4      | Bought a scarf of repulsion for 132 gold pieces
  3635 | D:5      | Entered Level 5 of the Dungeon
  3780 | D:5      | Reached skill level 7 in Long Blades
  3899 | D:5      | Reached XP level 7. HP: 51/61 MP: 6/6
  4017 | D:5      | Noticed Pikel
  4033 | D:5      | Slain by Pikel

Illustrated notes

Levels and vault maps discovered:
D:1:      co_arrival_random_square_maze, layout_basic,
          ebering_ecumenical_altar_box, serial_shops, nicolae_square_shop, shop,
          shop
D:2:      minmay_inner_zag, layout_loops_corners
D:3:      layout_loops_ring, nicolae_overflow_hidden_temple, minmay_surrounded
D:4:      layout_gridville, nicolae_qazlal_scattered_showers,
          cheibrodos_ashenzari_chains, mainiacjoe_overflow_boulevard,
          ebering_ghost_rock_garden, nicolae_shop_sticking_my_neck_out
D:5:      layout_basic, lemuel_crystal_altar, minmay_temple_entry_butterflies,
          serial_shops, nicolae_shop_hallway_plus, uniq_pikel

Skill      XL: |  1  2  3  4  5  6  7 |
---------------+----------------------+-----
Long Blades    | 4 5 6 7 |  7.5
Fighting       | 4 5 |  5.6
Stealth        | 2 |  2.2
Armour         | 1 2 3 |  3.0
Dodging        | 4 |  4.1

Action                   |  1- 3 |  4- 6 |  7- 9 || total
-------------------------+-------+-------+-------++-------
Melee: Falchion          |    97 |   142 |    13 ||   252
       Punch             |     2 |     1 |       ||     3
       Headbutt          |     9 |    25 |     2 ||    36
  Use: Potion            |       |       |     1 ||     1
 Stab: Sleeping          |     3 |     2 |       ||     5
Armor: Robe              |    10 |       |       ||    10
       Scale mail        |     6 |    33 |       ||    39
       Leather armour    |       |     6 |     4 ||    10
Dodge: Dodged            |    52 |    80 |     5 ||   137

Table legend: (Time is in decaauts)
 A = Elapsed time spent in this place.
 B = Non-inter-level travel time spent in this place.
 C = Inter-level travel time spent in this place.
 D = Time resting spent in this place.
 E = Time spent auto-exploring this place.
 F = Levels seen in this place.
 G = Mean time per level.
                   A        B        C        D        E       F      G
               +--------+--------+--------+--------+--------+-----+--------+
         Total |   4039 |   3832 |    207 |      0 |   3139 |   5 |  807.8 |
       Dungeon |   4039 |   3832 |    207 |      0 |   3139 |   5 |  807.8 |
               +--------+--------+--------+--------+--------+-----+--------+

Top non-repeatable levels by time:
     D:2: 1133 daAuts
     D:1: 1075 daAuts
     D:3: 765 daAuts
     D:4: 676 daAuts
     D:5: 390 daAuts
